 Dungeon Crawl Stone Soup version 0.31-a0-1068-g5939ac1fb6 (webtiles) character file.

Game seed: 17427750395735724879

984 Azuregosa the Covert (level 8, 0/52 HPs)
             Began as an Octopode Delver on Nov 25, 2023.
             Was a Believer of Sif Muna.
             Slain by an ice beast (14 damage)
             ... on level 5 of the Dungeon.
             The game lasted 00:11:50 (3657 turns).

Azuregosa the Covert (Octopode Delver)              Turns: 3657, Time: 00:11:51

Health: 0/52       AC:  1    Str: 15    XL:     8   Next: 18%
Magic:  8/8        EV: 14    Int: 14    God:    Sif Muna [**....]
Gold:   190        SH:  0    Dex: 22    Spells: 7/7 levels left

rFire   x . .        l - +5 war axe of the End {venom, rF- Will+ Str+3 Dex+9}
rCold   . . .        (no shield)
rNeg    . . .        (helmet restricted)
rPois   .            (no amulet)
rElec   .            (no ring)
rCorr   .            (no ring)
SInv    .            (no ring)
Will    +....        (no ring)
Stlth   +++++        (no ring)
HPRegen 0.28/turn    (no ring)
MPRegen 0.11/turn    (no ring)
                     (no ring)

%: no passive effects
@: no status effects
A: almost no armour, amphibious, 8 rings, camouflage 1, gelatinous body 1,
(nimble swimmer 1), tentacles
a: Renounce Religion, Channel Magic


You were on level 5 of the Dungeon.
You worshipped Sif Muna.
Sif Muna was pleased with you.
You visited 2 branches of the dungeon, and saw 7 of its levels.

You collected 190 gold pieces.

Inventory:

Hand Weapons
 a - a +0 falchion
 l - the +5 war axe of the End (weapon) {venom, rF- Will+ Str+3 Dex+9}
   (You found it on level 4 of the Dungeon)

   Str+3:     It affects your strength (+3).
   Dex+9:     It affects your dexterity (+9).
   rF-:       It makes you vulnerable to fire.
   Will+:     It increases your willpower.
Missiles
 k - 51 stones
 s - 3 poisoned darts
Magical Staves
 t - a staff of fire
Jewellery
 q - an amulet of faith
Wands
 f - a wand of digging (3)
 h - a wand of roots (2)
Scrolls
 b - 2 scrolls of fog
 c - 4 scrolls of poison
 g - 4 scrolls of teleportation {unknown}
 n - 3 scrolls of enchant armour {unknown}
 p - a scroll of immolation {unknown}
 u - 2 scrolls of noise {unknown}
 y - 2 scrolls of blinking {unknown}
 A - a scroll of vulnerability {unknown}
 B - a scroll of identify {unknown}
 C - a scroll of brand weapon {unknown}
Potions
 e - 3 potions of haste
 i - a potion of might {unknown}
 j - 5 potions of curing {unknown}
 m - 2 potions of heal wounds {unknown}
 o - a potion of brilliance {unknown}
 r - a potion of lignification {unknown}
 v - a potion of magic {unknown}
 w - 2 potions of degeneration {unknown}
 x - 2 potions of attraction {unknown}
 z - 2 potions of resistance {unknown}


   Skills:
 - Level 3.0 Fighting
 - Level 2.0 Long Blades
 + Level 8.2 Axes
 - Level 2.0 Dodging
 - Level 8.8 Stealth


You had 7 spell levels left.
You didn't know any spells.
Your spell library contained the following spells:

 Spells                   Type           Power      Damage    Failure   Level
 Apportation              Tloc           0%         N/A       28%         1
 Necrotise                Necr           0%         1d4       28%         1
 Sandblast                Erth           0%         2d4       28%         1
 Summon Small Mammal      Summ           0%         N/A       28%         1
 Passwall                 Tmut/Erth      0%         N/A       41%         2
 Gell's Gravitas          Tloc           0%         N/A       65%         3
 Stone Arrow              Conj/Erth      0%         3d7       65%         3
 Teleport Other           Tloc           0%         N/A       65%         3
 Brom's Barrelling Bould  Conj/Erth      0%         2d3       96%         4
 Dispersal                Tloc           0%         N/A       100%        6


Dungeon Overview and Level Annotations

Branches:
Dungeon (6/15)             Temple (1/1) D:4

Altars:
Ashenzari
Cheibriados
Dithmenos
Elyvilon
Fedhas
Makhleb
Okawaru
Ru
Sif Muna
Yredelemnul
Zin
The Shining One

Shops:
D:2 [   D:3 [


Innate Abilities, Weirdness & Mutations

You cannot wear most types of armour.
You are amphibious.
You can wear up to eight rings at the same time.
Your skin changes colour to match your surroundings (Stealth+).
Your rubbery body absorbs attacks. (AC +1, EV +1)
((You are camouflaged when in or above water. (Stealth+)))
You have tentacles for arms and can constrict up to eight enemies at once.


Message History

z - 2 murky cyan potions (gained 1)
There is an open door here.
A phantom comes into view.
The helpless phantom fails to defend itself.
You slice the phantom!!
You destroy the phantom!
Sif Muna accepts your kill. The phantom barely misses you.
There is an open door here.
You miss the phantom. The phantom misses you.
You closely miss the phantom. The phantom hits you.
The phantom blinks!
You blink.
You slash the phantom! Your squeeze misses the phantom.
The phantom is moderately damaged.
The phantom completely misses you.
You miss the phantom.
The phantom is moderately damaged.
The phantom misses you.
You hit the phantom.
The phantom is heavily damaged.
The phantom hits you.
The phantom blinks!
You blink.
The ice beast hits you. The ice beast freezes you!
The phantom closely misses you.
You miss the phantom. Your squeeze misses the phantom.
The phantom is moderately damaged.
You hit the ice beast. The ice beast hits you. The ice beast freezes you!
The phantom hits you.
The phantom blinks!
You blink.
As you read the scroll of fear, it crumbles to dust.
You assume a fearsome visage.
The scorpion looks frightened!
The phantom is unaffected.
The phantom hits you.
You hit the phantom.
The phantom is heavily damaged.
The phantom misses you.
You slash the phantom!
You destroy the phantom!
Sif Muna accepts your kill.
Your Axes skill increases to level 8!
The ice beast hits you.
* * * LOW HITPOINT WARNING * * *
The ice beast freezes you!
You die...

#....,###.#..#......##.###
#.....#...#.##......##....
#..s..#.#...##......##....
#.......#............#....
#.....#...#.###......#....
***,#..<#.#$# #......#....
*,#...#.#.# #......#....
*,#.....Y.# ##'###.#.#.#
*,#...#@..###...**.#.#.#
*,#####.........**,#.#.*
*,****#.....#..,**,*,#.*
*...............,,,*,*,,
*######.###.#...,,,,,***
*,,,...,,.#,##***,,,,,
*,,....,,,#,***,,,,,,,
*,.....,,,*,,,,,*,****
*.......,,*,,,,,,,,,,*


You could see an ice beast and a scorpion (fleeing).

Vanquished Creatures
  Grinder (D:3)
  Sigmund (D:2)
  2 phantoms (D:5)
  2 scorpions
  A howler monkey (D:4)
  2 hounds (D:4)
  An orc priest (D:3)
  A sleepcap (D:5)
  2 iguanas (D:4)
  An orc wizard (D:3)
  6 adders
  4 dart slugs
  8 orcs
  7 bats
  9 endoplasms
  2 giant cockroaches
  3 goblins
  2 hobgoblins
  4 quokkas
  6 ball pythons
  5 frilled lizards
  6 kobolds
  4 rats (D:1)
80 creatures vanquished.

Notes
Turn   | Place    | Note
-------+----------+-------------------------------------------
     0 | D:5      | Azuregosa the Octopode Delver began the quest for the Orb.
     0 | D:5      | Reached XP level 1. HP: 16/16 MP: 1/1
     5 | D:5      | Noticed a phantom
   107 | D:6      | Noticed an iguana
   118 | D:6      | Noticed a sky beast
   121 | D:5      | Noticed an ice beast
   140 | D:5      | Noticed a scorpion
   171 | D:4      | Found a shimmering blue altar of Sif Muna.
   179 | D:4      | Became a worshipper of Sif Muna the Loreminder
   218 | D:4      | Reached XP level 2. HP: 14/21 MP: 2/2
   259 | D:4      | Reached XP level 3. HP: 17/26 MP: 3/3
   323 | D:4      | Found a burning altar of Makhleb.
   334 | D:4      | Reached XP level 4. HP: 15/31 MP: 4/4
   447 | D:4      | Identified the +5 war axe of the End {venom, rF- Will+
                  | Str+3 Dex+9}
   453 | D:4      | Reached skill level 1 in Axes
   505 | D:4      | Reached XP level 5. HP: 36/36 MP: 5/5
   519 | D:4      | Found a staircase to the Ecumenical Temple.
   530 | Temple   | Entered the Ecumenical Temple
   626 | D:2      | Found Corofon's Armour Shop.
   684 | D:2      | Reached XP level 6. HP: 42/42 MP: 6/6
   825 | D:1      | Reached * piety under Sif Muna
  1391 | D:2      | Found a white marble altar of Elyvilon.
  1393 | D:2      | Noticed Sigmund
  1451 | D:2      | Killed Sigmund
  1452 | D:2      | Reached skill level 5 in Axes
  1452 | D:2      | Reached XP level 7. HP: 18/46 MP: 7/7
  1690 | D:3      | Noticed Grinder
  1704 | D:3      | Killed Grinder
  1956 | D:3      | Found Abraffoc's Antique Armour Shop.
  2108 | D:3      | Reached ** piety under Sif Muna
  2780 | D:4      | Found a glowing silver altar of Zin.
  3610 | D:5      | Reached XP level 8. HP: 52/52 MP: 8/8
  3657 | D:5      | Slain by an ice beast

Illustrated notes

Levels and vault maps discovered:
D:1:      dpeg_arrival_oval, layout_loops_ring
D:2:      layout_rooms, serial_shops, shop, basic_altar, uniq_sigmund
D:3:      layout_loops_ring, serial_shops, nicolae_shop_advertising_works
          [nicolae_subvault_shop_adworks], uniq_grinder
D:4:      layout_basic, mainiacjoe_overflow_concentric_impassable,
          zin_scriptorium, makhleb_heckhound_becter, minmay_temple_entry_tees,
          moated_statue, serial_park_tiny_pond, kennysheep_generic_room_3
D:5:      layout_basic, kennysheep_generic_room_11, uniq_crazy_yiuf_cottage
D:6:      layout_rooms, marbit_many_paths, nrook_uturn
Temple:   compressed_dpeg_triangle_lava_temple

Skill      XL: |  1  2  3  4  5  6  7  8 |
---------------+-------------------------+-----
Stealth        | 7 8 |  8.8
Axes           | 2 3 5 7 8 |  8.2
Fighting       | |  3.0
Long Blades    | |  2.0
Dodging        | |  2.0

Action                     |  1- 3 |  4- 6 |  7- 9 || total
---------------------------+-------+-------+-------++-------
  Melee: Falchion          |    19 |     3 |       ||    22
         Constrict         |     5 |     7 |    13 ||    25
         Tentacles         |     5 |     9 |     4 ||    18
         War axe           |       |    49 |    58 ||   107
         Punch             |       |     1 |       ||     1
    Use: Scroll            |     1 |       |     2 ||     3
   Stab: Sleeping          |     3 |    22 |    11 ||    36
         Distracted        |       |     1 |       ||     1
 Armour: Skin              |    14 |    15 |    21 ||    50
  Dodge: Dodged            |    11 |    21 |    29 ||    61

Table legend: (Time is in decaauts)
 A = Elapsed time spent in this place.
 B = Non-inter-level travel time spent in this place.
 C = Inter-level travel time spent in this place.
 D = Time resting spent in this place.
 E = Time spent auto-exploring this place.
 F = Levels seen in this place.
 G = Mean time per level.
                   A        B        C        D        E       F      G
               +--------+--------+--------+--------+--------+-----+--------+
         Total |   3684 |   3609 |     75 |    715 |   1977 |   7 |  526.3 |
       Dungeon |   3682 |   3607 |     75 |    715 |   1977 |   6 |  613.7 |
        Temple |      1 |      1 |      0 |      0 |      0 |   1 |    1.0 |
               +--------+--------+--------+--------+--------+-----+--------+

Top non-repeatable levels by time:
     D:4: 1540 daAuts
     D:3: 685 daAuts
     D:1: 611 daAuts
     D:2: 450 daAuts
     D:5: 299 daAuts
     D:6: 95 daAuts
  Temple: 1 daAuts
